 Dungeon Crawl Stone Soup version 0.29.1-1-gd02db6906a (webtiles) character file.

Game seed: 2051425187379473491

56 gzilladon the Chopper (level 3, -8/33 HPs)
             Began as a Hill Orc Monk on Sept 27, 2022.
             Mangled by Crazy Yiuf
             ... wielding a +2 quarterstaff of chaos
              (10 damage)
             ... on level 2 of the Dungeon.
             The game lasted 00:05:03 (2562 turns).

gzilladon the Chopper (Hill Orc Monk)               Turns: 2562, Time: 00:05:04

Health: -8/33      AC:  2    Str: 15    XL:     3   Next: 97%
Magic:  3/3        EV: 12    Int: 10    God:
Gold:   129        SH:  0    Dex: 13    Spells: 2/2 levels left

rFire   . . .      SeeInvis .   a - +0 hand axe
rCold   . . .      Faith    .   (no shield)
rNeg    . . .      Spirit   .   b - +0 robe
rPois   .          Reflect  .   (no helmet)
rElec   .          Harm     .   (no cloak)
rCorr   .          Rampage  .   (no gloves)
Will    .....                   (no boots)
Stlth   ++........              (no amulet)
HPRegen 0.11/turn               (no ring)
MPRegen 0.08/turn               (no ring)

@: no status effects
A: no striking features
a: no special abilities


You were on level 2 of the Dungeon.
You visited 1 branch of the dungeon, and saw 2 of its levels.

You collected 129 gold pieces.

Inventory:

Hand Weapons
 a - a +0 hand axe (weapon)
 p - a +3 hammer
Missiles
 f - 18 stones (quivered)
 h - 5 boomerangs
Armour
 b - a +0 robe (worn)
Jewellery
 m - a ring of flight
Scrolls
 d - a scroll of blinking {unknown}
 e - 3 scrolls of enchant armour {unknown}
 g - a scroll of teleportation {unknown}
 j - a scroll of fear {unknown}
 k - a scroll of identify {unknown}
 l - a scroll of summoning {unknown}
 n - a scroll of fog {unknown}
 o - a scroll of noise {unknown}
Potions
 c - a potion of ambrosia
 i - a potion of flight {unknown}


   Skills:
 + Level 4.1 Fighting
 * Level 5.2 Axes
 + Level 2.9 Dodging
 - Level 1.5 Stealth


You had 2 spell levels left.
You didn't know any spells.
Your spell library contained the following spells:

 Spells                   Type           Power      Damage    Failure   Level
 Magic Dart               Conj           0%         1d3       36%         1
 Necrotise                Necr           0%         1d4       36%         1
 Call Imp                 Summ           0%         N/A       50%         2
 Sublimation of Blood     Necr           0%         N/A       50%         2
 Wereblood                Tmut           0%         N/A       50%         2
 Mephitic Cloud           Conj/Pois/Air  0%         N/A       75%         3
 Stone Arrow              Conj/Erth      0%         3d7       75%         3
 Animate Armour           Summ/Erth      0%         N/A       98%         4
 Corpse Rot               Necr/Pois/Air  0%         N/A       98%         4
 Summon Hydra             Summ           0%         N/A       100%        7
 Borgnjor's Revivificati  Necr           0%         N/A       100%        8
 Lehudib's Crystal Spear  Conj/Erth      0%         10d2      100%        8
 Necromutation            Tmut/Necr      0%         N/A       100%        8


Dungeon Overview and Level Annotations

Branches:
Dungeon (2/15)

Altars:

Shops:
D:1 [[

Annotations:
D:2 Crazy Yiuf


Message History

p - a +3 hammer You see here a +0 hammer.
Found seven hammers.
Found a runed translucent door.
You see here a +0 hammer.
Found a runed hammer.
Crazy Yiuf shouts!
You see here a +0 hammer.
You see here a +0 hammer.
Found three hammers.
You see here a +0 hammer.
You open the door. You closely miss Crazy Yiuf.
Crazy Yiuf yells, "Cards koolooloo green!"
Crazy Yiuf barely misses you.
You closely miss Crazy Yiuf.
Crazy Yiuf hits you with a +2 quarterstaff of chaos!
Crazy Yiuf burns you.
You closely miss Crazy Yiuf. Crazy Yiuf misses you.
You hit Crazy Yiuf but do no damage. Crazy Yiuf closely misses you.
You hit Crazy Yiuf.
Crazy Yiuf is lightly wounded.
Crazy Yiuf hits you with a +2 quarterstaff of chaos.
You resist with some effort.
You hit Crazy Yiuf but do no damage.
Crazy Yiuf is lightly wounded.
Crazy Yiuf says, "Lugonu light meccalolo!"
Crazy Yiuf hits you with a +2 quarterstaff of chaos!
* * * LOW HITPOINT WARNING * * *
Crazy Yiuf freezes you.
* * * LOW HITPOINT WARNING * * *
You see here a +0 hammer.
Crazy Yiuf attacks as you move away!
Crazy Yiuf hits you with a +2 quarterstaff of chaos.
* * * LOW HITPOINT WARNING * * *
You see here a +0 hammer.
You see here a +0 hammer.
You see here a +0 hammer.
Crazy Yiuf attacks as you move away!
Crazy Yiuf hits you with a +2 quarterstaff of chaos!
You die...

####♣♣ ###
##..#.♣♣ ♣♣#)))#
#......♣♣♣♣)')).#
#......@♣))♣#)))#
#.#.#..♣g♣♣♣ ###
#..##♣♣♣♣♣ #..#
##.########
##.......#
##......# #
##.....# #.
##...## #..###


You could see Crazy Yiuf.

Vanquished Creatures
  Jessica (D:2)
  An adder (D:2)
  A worm (D:2)
  A dart slug (D:1)
  2 bats
  2 endoplasms
  3 goblins
  A hobgoblin (D:2)
  A quokka (D:1)
  5 ball pythons
  A frilled lizard (D:2)
19 creatures vanquished.

Notes
Turn   | Place    | Note
-------+----------+-------------------------------------------
     0 | D:1      | gzilladon the Hill Orc Monk began the quest for the Orb.
     0 | D:1      | Reached XP level 1. HP: 19/19 MP: 1/1
    86 | D:1      | Found a faded altar of an unknown god.
   514 | D:1      | Found Bettut's Antique Armour Shop.
   666 | D:1      | Reached XP level 2. HP: 5/27 MP: 2/2
  1597 | D:1      | Found Gosydime's Antique Armour Emporium.
  1741 | D:2      | Noticed Jessica
  1764 | D:2      | HP: 1/27 [Jessica/+0 dagger (1)]
  1766 | D:2      | Killed Jessica
  1767 | D:2      | Reached skill level 5 in Axes
  1767 | D:2      | Reached XP level 3. HP: 2/33 MP: 3/3
  2291 | D:2      | Got the Tome of Profane Rituals
  2351 | D:2      | Got the Textbook on Amorphous Unhallowed Magic
  2442 | D:2      | Identified the +2 hat of the Dropbear {rPois rF- rN+ Will+}
  2547 | D:2      | Found a runed translucent door.
  2548 | D:2      | Noticed Crazy Yiuf
  2562 | D:2      | Mangled by Crazy Yiuf

Illustrated notes

Levels and vault maps discovered:
D:1:      amcnicky_arrival_underground_garden, layout_loops_ring,
          nicolae_ecumenical_snake_handling, serial_shops,
          nicolae_lakefront_shop, shop_fountains
D:2:      layout_loops_ring, serial_shops, nicolae_shop_advertising_works
          [nicolae_subvault_shop_adworks], uniq_jessica, uniq_crazy_yiuf_cottage

Skill      XL: |  1  2 |
---------------+-------+-----
Fighting       | 4 |  4.1
Axes           | 5 |  5.2
Dodging        | |  2.9
Stealth        | |  1.5

Action                   || total
-------------------------++-------
Melee: Hand axe          ||    94
       Punch             ||     1
Armor: Robe              ||    27
Dodge: Dodged            ||    71
